 Dungeon Crawl Stone Soup version 0.23.2-1-ga50397a (webtiles) character file.

Game seed: 8622570703469093475

938 Fondut the Cleaver (level 7, -1/96 HPs)
             Began as a Minotaur Berserker on May 4, 2019.
             Was a Believer of Trog.
             Succumbed to a killer bee's poison
             ... on level 5 of the Dungeon.
             The game lasted 00:06:50 (3681 turns).

Fondut the Cleaver (Minotaur Berserker)             Turns: 3681, Time: 00:06:51

Health: -1/96      AC: 23    Str: 21 (22) XL:     7   Next: 87%
Magic:  6/6        EV:  2    Int:  2 (4)  God:    Trog [**....]
Gold:   253        SH:  0    Dex: 10 (13) Spells: 6/6 levels left

rFire    . . .     SeeInvis .   p - +0 war axe
rCold    . . .     Gourm    .   (no shield)
rNeg     + + +     Faith    .   (armour currently unavailable)
rPois    +         Spirit   .   (helmet currently unavailable)
rElec    .         Reflect  .   (cloak currently unavailable)
rCorr    .         Harm     .   (gloves currently unavailable)
MR       .....     Rnd*Rage +   (boots currently unavailable) Stlth ++........NoTele +
                                (no amulet)
HPRegen  0.26/turn              (no ring)
MPRegen  0.10/turn              (no ring)

@: lethally poisoned (-1 -> -14), tree-form, berserk cooldown, slowed, very slow
A: (retaliatory headbutt), thin skeletal structure 1, berserk 1, screaming 1
a: Berserk, Trog's Hand, Renounce Religion


You were on level 5 of the Dungeon.
You worshipped Trog.
Trog was pleased with you.
You were very hungry.
You were a tree.
You visited 1 branch of the dungeon, and saw 5 of its levels.

You collected 253 gold pieces.

Inventory:

Hand Weapons
 a - a +0 hand axe
 p - a +0 war axe (weapon)
 u - a +0 flail
Armour
 b - a +0 animal skin
 g - a +0 leather armour
 m - a +0 scale mail
 x - a +0 chain mail (melded)
Jewellery
 j - a cursed amulet of the gourmand {unknown}
 y - a cursed ring of attention {unknown}
 z - an uncursed ring of protection from cold {unknown}
Wands
 v - a wand of digging (2)
Scrolls
 c - 9 scrolls of identify {unknown}
 f - a scroll of blinking {unknown}
 k - 6 scrolls of remove curse {unknown}
 n - a scroll of amnesia {unknown}
 o - 2 scrolls of teleportation {unknown}
 q - a scroll of enchant weapon {unknown}
 r - 2 scrolls of enchant armour {unknown}
Potions
 h - a potion of lignification
 i - a potion of berserk rage {unknown}
 l - a potion of magic {unknown}
 t - a potion of curing {unknown}
Comestibles
 e - 6 rations
 s - 7 chunks of flesh


   Skills:
 + Level 6.5 Fighting
 * Level 8.5 Axes
 + Level 5.8 Armour
 - Level 2.1 Dodging


You had 6 spell levels left.
You didn't know any spells.
Your spell library was empty.

Dungeon Overview and Level Annotations

Branches:
Dungeon (5/15)
 Temple: D:4-7

Altars:
Elyvilon
Fedhas
Hepliaklqana
Vehumet
The Shining One

Shops:
D:4 }


Innate Abilities, Weirdness & Mutations

((You reflexively headbutt those who attack you in melee.))
((You have a pair of horns on your head.))
You have a somewhat thin skeletal structure. (Dex +2, Stealth)
You tend to lose your temper in combat.
((You can translocate small distances at will.))
You occasionally shout uncontrollably at your foes.


Message History

You closely miss the killer bee.
* * * LOW HITPOINT WARNING * * *
You feel very sick.
The killer bee stings you but does no damage.
The killer bee stings you.
* * * LOW HITPOINT WARNING * * *
The killer bee stings you but does no damage.
It was a potion of mutation.
You feel extremely strange.
You feel the urge to shout.
You feel jittery.
You feel a little pissed off.
Your bones become slightly less dense.
* * * LOW HITPOINT WARNING * * *
You feel sick. The killer bee stings you.
* * * LOW HITPOINT WARNING * * *
The killer bee stings you.
* * * LOW HITPOINT WARNING * * *
The killer bee stings you but does no damage.
It was a potion of degeneration.
There was something very wrong with that liquid.
You feel weakened.
You feel dopey.
You feel clumsy.
You die...

#...## #.# .#
##... #.###.#
#.# .######...
#.....####.#
#.........
#####......#
######...# ##
#####..###..##
##..#
..###...#.##
#(.# ##.#
...>..>...## #.#
#.# #.........#
#y# ###### ..#
#.........# #♣#
##.(.. ....#
#........## #.#
#.... .....
#..####### #.##
#...###.....
##.## #..#
#...##.... #
#..# #..##
#......(# #..#
#...###.......#
#..#
##......)....##
#.##
##......).....#
<.##
##......#####..#


You could see a killer bee.

Vanquished Creatures
  Grinder (D:3)
  An ogre (D:3)
  4 killer bees (D:5)
  A hound (D:5)
  A bullfrog zombie (D:5)
  2 bullfrog skeletons
  2 orc priests (D:3)
  Jessica (D:2)
  Natasha (D:3)
  An orc wizard (D:5)
  A worker ant (D:5)
  A hound skeleton (D:4)
  5 adders
  7 gnolls (D:5)
  An ooze (D:2)
  An adder skeleton (D:5)
  A worm (D:5)
  15 orcs
  3 giant cockroaches
  8 hobgoblins
  2 jackals (D:3)
  3 kobolds
  A quokka (D:3)
  2 bats (D:1)
  3 frilled lizards
  7 goblins (D:1)
  A jackal zombie (D:5)
  8 rats
85 creatures vanquished.

Notes
Turn   | Place    | Note
-------+----------+-------------------------------------------
     0 | D:1      | Fondut the Minotaur Berserker began the quest for the Orb.
     0 | D:1      | Reached XP level 1. HP: 19/19 MP: 0/0
    48 | D:1      | Reached skill level 4 in Axes
    48 | D:1      | Reached XP level 2. HP: 26/27 MP: 1/1
   228 | D:1      | Reached ** piety under Trog
   522 | D:2      | Reached XP level 3. HP: 33/33 MP: 2/2
   810 | D:2      | Noticed Jessica
   816 | D:2      | Killed Jessica
   969 | D:2      | Reached skill level 5 in Axes
   969 | D:2      | Reached XP level 4. HP: 36/40 MP: 3/3
  1027 | D:2      | Found a radiant altar of Vehumet.
  1317 | D:3      | Noticed an ogre
  1345 | D:3      | Killed an ogre
  1345 | D:3      | Reached XP level 5. HP: 47/47 MP: 4/4
  1526 | D:3      | Noticed Natasha
  1533 | D:3      | Killed Natasha
  1540 | D:3      | Reached skill level 6 in Axes
  1625 | D:3      | Reached skill level 5 in Fighting
  1627 | D:3      | Reached XP level 6. HP: 56/56 MP: 5/5
  1869 | D:3      | Found a white marble altar of Elyvilon.
  2138 | D:3      | Noticed Grinder
  2147 | D:3      | Killed Grinder
  2147 | D:3      | Reached skill level 7 in Axes
  2640 | D:4      | Found Watweocao's Gadget Shop.
  2678 | D:4      | Reached XP level 7. HP: 60/62 MP: 6/6
  2692 | D:4      | Reached skill level 5 in Armour
  2920 | D:5      | Entered Level 5 of the Dungeon
  3063 | D:4      | Found a blossoming altar of Fedhas.
  3064 | D:4      | Found a glowing golden altar of the Shining One.
  3374 | D:5      | Found a hazy altar of Hepliaklqana.
  3565 | D:5      | Reached skill level 8 in Axes
  3680 | D:5      | Gained mutation: You occasionally shout uncontrollably at
                  | your foes. [potion of mutation]
  3680 | D:5      | Gained mutation: You can translocate small distances at
                  | will. [potion of mutation]
  3680 | D:5      | Gained mutation: You tend to lose your temper in combat.
                  | [potion of mutation]
  3680 | D:5      | Gained mutation: You have a somewhat thin skeletal
                  | structure. (Dex +2, Stealth) [potion of mutation]
  3680 | D:5      | HP: 3/96 [killer bee (6)]
  3681 | D:5      | Succumbed to a killer bee's poison

Skill      XL: |  1  2  3  4  5  6  7 |
---------------+----------------------+-----
Axes           | 4 5 6 7 8 |  8.5
Fighting       | 4 5 6 |  6.5
Armour         | 3 4 5 |  5.8
Dodging        | |  2.1

Action                   |  1- 3 |  4- 6 |  7- 9 || total
-------------------------+-------+-------+-------++-------
Melee: Hand axe          |    47 |    43 |       ||    90
       Headbutt          |     3 |     9 |    10 ||    22
       War axe           |       |    29 |    52 ||    81
Invok: Berserk           |     1 |     6 |     3 ||    10
       Trog's Hand       |       |     2 |     1 ||     3
  Use: Potion            |       |       |     3 ||     3
  Eat: Chunk             |     1 |     9 |     5 ||    15
       Ration            |       |     1 |       ||     1
Armor: Animal skin       |    10 |       |       ||    10
       Leather armour    |     1 |     1 |       ||     2
       Scale mail        |       |    19 |     9 ||    28
       Chain mail        |       |       |    13 ||    13
       Skin              |       |       |     9 ||     9
Dodge: Dodged            |    30 |    39 |    33 ||   102
